Kradschützen Motorcycle Team
Selects Armored Support Battlegroup
Construct Light Support Kompanie
le.IG 18 Mechanized Group
Pak 38 Anti-tank Gun Team
Construct Panzerarmee Kommand
le.IG 18 Mechanized Group
Selects Flammpanzer III Medium Tank
Flammpanzer III Medium Tank
Flak 36 Anti-tank Gun Team
Walking Stuka Rocket Launcher
Walking Stuka Rocket Launcher
Selects Stuka Anti-tank Loiter
Walking Stuka Rocket Launcher
Flak 36 Anti-tank Gun Team